 Dungeon Crawl Stone Soup version 0.17-a0-1718-g72dbe4d (webtiles) character file.

111 urechis the Insei (level 4, 0/37 HPs)
             Began as a Demonspawn Monk on Aug 24, 2015.
             Slain by an ogre
             ... wielding a +0 giant spiked club
              (19 damage)
             ... on level 4 of the Dungeon.
             The game lasted 00:02:37 (2134 turns).

urechis the Insei (Demonspawn Monk)                 Turns: 2134, Time: 00:02:37

Health: 0/37       AC:  7    Str: 11    XL:     4   Next: 62%
Magic:  4/4        EV: 13    Int: 11    God:
Gold:   116        SH:  0    Dex: 21    Spells: 0 memorised, 3 levels left

rFire  . . .     SeeInvis .       - Unarmed
rCold  . . .     Clarity  .     j - +3 leather armour
rNeg   . . .     SustAt   .     (no shield)
rPois  .         Gourm    .     (helmet restricted)
rElec  .         Spirit   .     s - +0 cloak
rCorr  .         Warding  .     (no gloves)
rMut   .         Stasis   .     (no boots)
MR     .....                    (no amulet)
Stlth  ++........               (no ring)
                                d - +4 ring of dexterity

@: not resistant to hostile enchantments, unstealthy
A: claws 1, horns 1, spiny 1
a: no special abilities


You were on level 4 of the Dungeon.
You were very hungry.

You visited 1 branch of the dungeon, and saw 4 of its levels.

You collected 116 gold pieces.

Inventory:

Armour
 j - a +3 leather armour (worn)
 s - a +0 cloak (worn)
Jewellery
 d - a +4 ring of dexterity (left claw)
Scrolls
 c - 4 scrolls of remove curse {unknown}
 e - 2 scrolls of identify {unknown}
 f - a scroll of immolation {unknown}
 i - 2 scrolls of random uselessness {unknown}
 n - a scroll of enchant armour {unknown}
 r - a scroll of blinking {unknown}
 t - a scroll of teleportation {unknown}
Potions
 a - a potion of cure mutation {unknown}
 h - a potion of brilliance {unknown}
 k - 3 potions of curing {unknown}
 m - a potion of cancellation {unknown}
 o - 2 potions of heal wounds {unknown}
 p - a potion of lignification {unknown}
 u - a potion of invisibility {unknown}
Comestibles
 b - a bread ration
 g - 2 beef jerkies
 l - 5 fruits
 q - 2 meat rations


   Skills:
 - Level 4.0 Fighting
 - Level 2.6 Dodging
 - Level 1.7 Stealth
 + Level 4.9 Unarmed Combat


You had 3 spell levels left.
You didn't know any spells.

Dungeon Overview and Level Annotations

Branches:
Dungeon (4/15)
 Temple: D:4-7

Altars:
Gozag
Makhleb
Nemelex Xobeh


Innate Abilities, Weirdness & Mutations

You have sharp fingernails.
You have a pair of small horns on your head.
You are partially covered in sharp spines.


Message History

You scratch the ogre.
The ogre is moderately wounded.
The ogre barely misses you.
You barely miss the ogre.
The ogre is moderately wounded.
You scratch the ogre. You headbutt the ogre.
The ogre is heavily wounded.
The ogre hits you with a giant spiked club!
You barely miss the ogre.
The ogre is heavily wounded.
The ogre is struck by your spines. The ogre barely misses you.
You are feeling very hungry.
You scratch the ogre.
The ogre is almost dead.
You scratch the ogre but do no damage. Your headbutt misses the ogre.
The ogre is almost dead.
The ogre is struck by your spines.
The ogre hits you with a giant spiked club!!
Ouch! That really hurt!
You die...

#...#
##...#
#....#
+....#
#....#
#....#
#....#
#..<.#
##.@.#
#.O.+
#....#
+!...#
#....#
#....#
##...#
#...#


You could see an ogre.

Vanquished Creatures
  2 adders (D:2)
  An ooze (D:2)
  A worm (D:3)
  3 giant geckos
  4 orcs (D:3)
  8 bats
  2 giant cockroaches
  11 goblins
  8 hobgoblins
  6 jackals (D:2)
  2 quokkas
  A ball python (D:1)
  3 giant newts
  10 kobolds
  9 rats
71 creatures vanquished.

Notes
Turn   | Place    | Note
--------------------------------------------------------------
     0 | D:1      | urechis the Demonspawn Monk began the quest for the Orb.
     0 | D:1      | Reached XP level 1. HP: 18/18 MP: 1/1
   476 | D:1      | Gained mutation: You have sharp fingernails. [demonic ancestry]
   476 | D:1      | Reached XP level 2. HP: 21/24 MP: 2/2
   552 | D:1      | Reached skill level 4 in Fighting
   850 | D:2      | Gained mutation: You have a pair of small horns on your head. [demonic ancestry]
   850 | D:2      | Reached XP level 3. HP: 26/30 MP: 3/3
  1253 | D:2      | Gained mutation: You are partially covered in sharp spines. [demonic ancestry]
  1253 | D:2      | Reached XP level 4. HP: 33/37 MP: 4/4
  1799 | D:3      | Found an opulent altar of Gozag.
  1800 | D:3      | Found a burning altar of Makhleb.
  1885 | D:3      | Found a sparkling altar of Nemelex Xobeh.
  2123 | D:4      | Noticed an ogre
  2134 | D:4      | Slain by an ogre

Vault maps used:
D:1:      elethiomel_arrival_shortcut
D:3:      gammafunk_temple_overflow_statue, nemelex_spade_bored_becter
D:4:      fedhas_bush_and_centaur_altar

Action                   |  1- 3 |  4- 6 || total
-------------------------+-------+-------++-------
Melee: Unarmed           |   141 |    41 ||   182
 Stab: Sleeping          |     4 |     2 ||     6
       Distracted        |     1 |       ||     1
  Eat: Chunk             |     1 |     2 ||     3
